Construct Infanterie Kompanie
Selects Luftwaffe Battlegroup
Selects Luftwaffe Pioneer Support
Construct Panzergrenadier Kompanie
Selects Stuka Strafing Run
Selects Fallschirmjäger Squad Paradrop
Fallschirmjäger Squad Paradrop
Construct Panzer Kompanie
Fallschirmjäger Squad Paradrop
Fallschirmjäger Squad Paradrop
Selects Flak 38 Anti-Air Emplacement
Selects Infantry Reserves
Fallschirmjäger Squad Paradrop
Pak 40 Anti-tank Gun Team